 Dungeon Crawl Stone Soup version 0.27-a0-475-g4587593e40 (webtiles) character file.

Game seed: 14649390213495897969

2974 Chiseanne the Skirmisher (level 9, 72/72 HPs)
             Began as a Demonspawn Wanderer on Mar 1, 2021.
             Quit the game on level 8 of the Dungeon.
             The game lasted 00:12:44 (9054 turns).

Chiseanne the Skirmisher (Demonspawn Wanderer)      Turns: 9054, Time: 00:12:44

Health: 72/72      AC:  7    Str: 14    XL:     9   Next: 53%
Magic:  1/1        EV: 13    Int: 17    God:
Gold:   472        SH: 10    Dex: 18    Spells: 10/10 levels left

rFire    . . .     SeeInvis .   a - +5 scimitar
rCold    . . .     Faith    .   u - +0 kite shield
rNeg     . . .     Spirit   .   D - +0 ring mail "Peim" {rElec MP-9 Int+4 Dex+3}
rPois    .         Reflect  .   (no helmet)
rElec    +         Harm     .   (no cloak)
rCorr    .         Rampage  .   c - +0 pair of gloves
Will     .....                  (no boots)
Stlth    +.........             (no amulet)
HPRegen  0.22/turn              (no ring)
MPRegen  0.07/turn              (no ring)

@: no status effects
A: talons 2, ignite blood 2, sanguine armour 1
a: no special abilities


You were on level 8 of the Dungeon.
You visited 2 branches of the dungeon, and saw 9 of its levels.
You also visited: Ossuary.

You collected 472 gold pieces.

Inventory:

Hand Weapons
 a - a +5 scimitar (weapon)
Missiles
 f - 11 boomerangs
 g - 200 stones
 k - 70 bolts
 l - 3 atropa-tipped darts
 p - 50 poisoned darts
 t - 49 sling bullets
 w - a throwing net (quivered)
 A - 29 arrows
Armour
 c - a +0 pair of gloves (worn)
 u - a +0 kite shield (worn)
 D - the +0 ring mail "Peim" (worn) {rElec MP-9 Int+4 Dex+3}
   (You found it on level 8 of the Dungeon)

   It affects your intelligence (+4).
   It affects your dexterity (+3).
   It insulates you from electricity.
   It affects your magic capacity (-9).
Jewellery
 i - a ring of resist corrosion
Wands
 v - a wand of random effects (13)
 x - a wand of paralysis (4)
 y - a wand of polymorph (5)
Scrolls
 d - 6 scrolls of identify
 h - a scroll of amnesia
 n - a scroll of fear {unknown}
 q - 3 scrolls of immolation
 r - 4 scrolls of teleportation
Potions
 b - 5 potions of curing
 e - a potion of might {unknown}
 j - 2 potions of magic {unknown}
 m - 3 potions of flight
 s - a potion of ambrosia
 z - 2 potions of invisibility
 B - 2 potions of mutation
 C - 2 potions of lignification


   Skills:
 * Level 7.4 Fighting
 * Level 6.2 Armour
 * Level 6.1 Dodging
 * Level 5.6 Shields
 - Level 1.0 Spellcasting
 - Level 1.0 Translocations
 - Level 1.0 Air Magic
 - Level 2.0 Evocations


You had 10 spell levels left.
You didn't know any spells.
Your spell library contained the following spells:

 Spells                   Type           Power        Failure   Level
 Summon Small Mammal      Summ           0%           80%         1
 Call Imp                 Summ           0%           90%         2
 Call Canine Familiar     Summ           0%           99%         3
 Summon Guardian Golem    Hex/Summ       0%           99%         3
 Summon Ice Beast         Ice/Summ       0%           100%        4
 Summon Lightning Spire   Summ/Air       2%           100%        4


Dungeon Overview and Level Annotations

Branches:
Dungeon (8/15)             Temple (1/1) D:7            Lair (0/6) D:8
Ossuary (visited)

Altars:
Ashenzari
Cheibriados
Dithmenos
Elyvilon
Fedhas
Hepliaklqana
Kikubaaqudgha
Makhleb
Nemelex Xobeh
Qazlal
Ru
Trog
Uskayaw
Vehumet
Wu Jian
Xom
Yredelemnul
Zin
The Shining One


Innate Abilities, Weirdness & Mutations

You have razor-sharp toenails.
Your demonic aura often causes spilled blood to erupt in flames When seriously injured, your bleeding wounds create armour. (AC +0)


Message History

You now have 472 gold pieces (gained 9).
A worker ant comes into view.
You block the worker ant's attack.
You barely miss the worker ant.
You claw the worker ant, but do no damage.
The worker ant bites you.
You are poisoned.
The worker ant poisons you! You block the worker ant's attack.
You slash the worker ant! You claw the worker ant.
The worker ant is severely wounded.
You feel sick. The worker ant bites you. You block the worker ant's attack.
You barely miss the worker ant. You claw the worker ant.
You kill the worker ant!
You feel sick.
No target in view!
No target in view!
No target in view!
No target in view!
No target in view!
No target in view!
No target in view!
No target in view!
No target in view!
No target in view!
No target in view!
No target in view!
No target in view!
No target in view!
You feel sick.
You feel sick.
You feel sick.
You feel sick.
You feel sick.
You feel sick.
You feel sick.
You feel sick.
You are no longer poisoned.
Done exploring.
Done exploring.
Are you sure you want to abandon this character and quit the game? (Confirm with "yes".)

#
#......#.#.#.#..#
#
#......#...#.#..#
#......#####.#..#
#............#..#
#......#####.#..#
##.....#...#.#..#
##....#.#.#.#..#
####.#.#.#.#..#
#.#.#.@.#..#
#.#.#####..#
#..........#
####.......#
#########


There were no monsters in sight!

Vanquished Creatures
  Pikel (D:5)
  Psyche (D:8)
  Prince Ribbit (D:6)
  An orc warrior (D:8)
  An ogre (D:6)
  3 lemures
  An elf zombie (Ossuary)
  3 bullfrogs
  2 scorpions
  6 killer bees (D:7)
  5 wights
  A howler monkey (D:8)
  4 hounds
  A human zombie (Ossuary)
  2 centaur zombies
  A quasit (D:6)
  2 bullfrog skeletons
  A centaur skeleton (D:8)
  Terence (D:2)
  2 iguanas
  Ijyb (D:3)
  3 orc wizards
  6 worker ants
  3 mummies
  11 gnolls
  8 adders
  2 shadow imps
  An ooze (D:2)
  4 adder skeletons
  2 worms
  A dart slug (D:5)
  6 leopard geckos
  7 orcs
  A ball python (D:6)
  10 bats
  4 giant cockroaches
  9 goblins
  2 hobgoblins (D:1)
  15 jackals
  4 frilled lizards
  2 goblin zombies (Ossuary)
  13 hobgoblin zombies
  2 jackal skeletons
  4 kobolds
  8 kobold zombies (Ossuary)
  10 orc zombies
  A quokka skeleton (D:6)
  5 rats
  2 rat zombies (Ossuary)
187 creatures vanquished.

Vanquished Creatures (others)
  A jackal (D:8)
  A quokka (D:8)
  A fungus (D:8)
  A plant (D:8)
4 creatures vanquished.

Grand Total: 191 creatures vanquished

Notes
Turn   | Place    | Note
-------+----------+-------------------------------------------
     0 | D:1      | Chiseanne the Demonspawn Wanderer began the quest for the
                  | Orb.
     0 | D:1      | Chiseanne set off with the following items: a +2 spear, a
                  | potion of curing, a potion of lignification, a +0 robe
     0 | D:1      | Reached XP level 1. HP: 18/18 MP: 2/2
   275 | D:1      | Reached skill level 1 in Dodging
   275 | D:1      | Gained mutation: When seriously injured, your bleeding
                  | wounds create armour. (AC +0) [demonic ancestry]
   275 | D:1      | Reached XP level 2. HP: 22/24 MP: 3/3
   971 | D:2      | Noticed Terence
  1011 | D:2      | Killed Terence
  1012 | D:2      | Gained mutation: Your demonic aura sometimes causes spilled
                  | blood to erupt in flames [demonic ancestry]
  1012 | D:2      | Reached XP level 3. HP: 14/30 MP: 4/4
  1289 | D:2      | Found a stormy altar of Qazlal.
  1639 | D:3      | Gained mutation: You have sharp toenails. [demonic
                  | ancestry]
  1639 | D:3      | Reached XP level 4. HP: 22/37 MP: 5/5
  1779 | D:3      | Noticed Ijyb
  1801 | D:3      | Killed Ijyb
  1802 | D:3      | Reached skill level 4 in Fighting
  1831 | D:3      | Reached skill level 1 in Shields
  1831 | D:3      | Reached XP level 5. HP: 15/42 MP: 6/6
  2802 | D:4      | Gained mutation: You have razor-sharp toenails. [demonic
                  | ancestry]
  2802 | D:4      | Reached XP level 6. HP: 32/49 MP: 7/7
  3161 | D:4      | Found a broken altar of Ashenzari.
  3205 | D:4      | You fall into a shaft and drop 1 floor!
  3205 | D:5      | Entered Level 5 of the Dungeon
  3660 | D:4      | You fall into a shaft and drop 1 floor!
  3660 | D:5      | Found a sparkling altar of Nemelex Xobeh.
  4468 | D:5      | Gained mutation: Your demonic aura often causes spilled
                  | blood to erupt in flames [demonic ancestry]
  4468 | D:5      | Reached XP level 7. HP: 29/55 MP: 8/8
  4504 | D:5      | Reached skill level 5 in Fighting
  5111 | D:5      | Noticed Pikel
  5122 | D:5      | Killed Pikel
  5166 | D:5      | Reached XP level 8. HP: 64/64 MP: 9/9
  5860 | D:5      | Reached skill level 6 in Fighting
  6059 | D:6      | Found a shimmering altar of Xom.
  6067 | D:6      | Found a sand-covered staircase.
  6078 | Ossuary  | Entered an ossuary
  6206 | Ossuary  | Reached skill level 5 in Armour
  6524 | D:6      | Noticed Prince Ribbit
  6534 | D:6      | Killed Prince Ribbit
  6535 | D:6      | Reached skill level 5 in Dodging
  7042 | D:6      | Reached XP level 9. HP: 71/71 MP: 10/10
  7254 | D:7      | Reached skill level 5 in Shields
  7267 | D:7      | Reached skill level 7 in Fighting
  7590 | D:7      | Found a staircase to the Ecumenical Temple.
  7737 | D:7      | Found a white marble altar of Elyvilon.
  7832 | D:7      | Found a shadowy altar of Dithmenos.
  8077 | Temple   | Entered the Ecumenical Temple
  8196 | D:8      | Noticed Psyche
  8211 | D:8      | Paralysed by something for 6 turns
  8450 | D:8      | Paralysed by Psyche for 7 turns
  8469 | D:8      | Killed Psyche
  8492 | D:8      | Identified the +0 ring mail "Peim" {rElec MP-9 Int+4 Dex+3}
  8622 | D:8      | Found a staircase to the Lair.
  9054 | D:8      | Quit the game

Illustrated notes

Levels and vault maps discovered:
D:1:      erik_arrival_blinker_ship, layout_loops_corners
D:2:      layout_basic, grunt_qazlal_sundering, uniq_terence
D:3:      minmay_diamond_boxcup, layout_rooms, minmay_liquid_box,
          serial_park_tiny_2, uniq_ijyb
D:4:      layout_layer_cave, kennysheep_mini
D:5:      layout_basic, nemelex_xobeh_ov_fountains_minmay, uniq_pikel
D:6:      layout_rooms, lemuel_round_altar, nicolae_ossuary_entry_giza,
          uniq_prince_ribbit1
D:7:      layout_basic, nicolae_dithmenos_shadow_blocks, temple_pool_b,
          elyvilon_altar_4
D:8:      layout_rooms, dpeg_oklobed_lair, roderic_lattice_a, uniq_psyche
Temple:   zaba_magenta_temple

Skill      XL: |  1  2  3  4  5  6  7  8  9 |
---------------+----------------------------+-----
Dodging        | 1 2 3 4 5 6 |  6.1
Armour         | 2 3 4 5 6 |  6.2
Fighting       | 4 5 6 7 |  7.4
Shields        | 1 2 3 4 5 |  5.6
Spellcasting   | |  1.0
Translocations | |  1.0
Air Magic      | |  1.0
Evocations     | |  2.0

Action                   |  1- 3 |  4- 6 |  7- 9 || total
-------------------------+-------+-------+-------++-------
Melee: Spear             |   109 |   111 |    92 ||   312
       Kick              |       |    52 |    88 ||   140
       Whip              |       |   111 |       ||   111
       Scimitar          |       |       |   187 ||   187
       Long sword        |       |       |    24 ||    24
Throw: Dart              |    12 |     3 |     8 ||    23
       Throwing net      |       |       |     2 ||     2
Evoke: Wand              |       |       |    13 ||    13
  Use: Potion            |       |     2 |     5 ||     7
       Scroll            |       |       |    12 ||    12
 Stab: Held in net/web   |       |       |     1 ||     1
       Paralysed         |       |       |    10 ||    10
Armor: Robe              |     7 |       |       ||     7
       Ring mail         |    34 |   124 |   128 ||   286
       Skin              |       |    15 |    61 ||    76
Dodge: Dodged            |    80 |   110 |   168 ||   358
Block: Kite shield       |     7 |   102 |   230 ||   339
       Rpst.: Scimitar   |       |       |    36 ||    36
       Long sword        |       |       |     2 ||     2

Table legend: (Time is in decaauts)
 A = Elapsed time spent in this place.
 B = Non-inter-level travel time spent in this place.
 C = Inter-level travel time spent in this place.
 D = Time resting spent in this place.
 E = Time spent auto-exploring this place.
 F = Levels seen in this place.
 G = Mean time per level.
                   A        B        C        D        E       F      G
               +--------+--------+--------+--------+--------+-----+--------+
         Total |   9312 |   9061 |    251 |   2243 |   5191 |  10 |  931.2 |
       Dungeon |   8797 |   8547 |    250 |   2063 |   5054 |   8 | 1099.6 |
        Temple |     67 |     67 |      0 |      0 |     43 |   1 |   67.0 |
       Ossuary |    447 |    447 |      0 |    180 |     94 |   1 |  447.0 |
               +--------+--------+--------+--------+--------+-----+--------+

Top non-repeatable levels by time:
     D:4: 1834 daAuts
     D:5: 1293 daAuts
     D:7: 1185 daAuts
     D:3: 1131 daAuts
     D:6: 1051 daAuts
     D:1: 954 daAuts
     D:8: 677 daAuts
     D:2: 668 daAuts
 Ossuary: 447 daAuts
  Temple: 67 daAuts
